Map: Turbo Cruise '84 LE

Players

PtitDrogo

  • Race: Protoss Protoss
  • League: Grandmaster
  • Spawn Location: 3:00

IIIIIIIIIIII - Winner!

  • Race: Terran Terran
  • League: Grandmaster
  • Spawn Location: 7:00

VOD

Have the link to the VOD?

Description

This build is designed to attack the protoss with 2 siegetanks and some marines. It should arrive at the protoss third base at around 5:10.
Use the liberator to harass the protoss while you attack.

Time

  • Played on: June 18, 2019, 11:11 a.m.
  • Length: 12:24
Show
View Real Time Build Order
Export as new Build Order

PtitDrogo Protoss 

Build Orders: 1 Gate Expand, Zealot Archon, Colossus Rush 

Get SALT Encoding   

  12  0:00  Probe  
  13  0:12  Probe  
  14  0:17  Pylon  
  14  0:24  Probe  
  15  0:32  Probe  
  15  0:37  Gateway  
  15  0:40  Probe  
  16  0:46  Assimilator  
  17  0:51  Probe  
  18  1:03  Probe  
  19  1:15  Probe  
  20  1:23  Nexus  
  20  1:32  Cybernetics Core  
  20  1:36  Probe  
  21  1:41  Assimilator  
  21  1:48  Probe  
  21  1:52  Pylon  
  22  2:00  Stalker  
  22  2:01  Probe  
  23  2:09  Warp Gate  
  23  2:13  Probe  
  26  2:24  Robotics Facility  
  26  2:25  Probe  
  27  2:32  Probe  
  27  2:33  Probe  
  28  2:40  Probe  
  28  2:41  Probe  
  29  2:50  Probe  
  31  2:51  Stalker, Probe  
  35  3:02  Probe  
  35  3:03  Probe  
  37  3:06  Observer  
  37  3:08  Gateway  
  37  3:10  Gateway  
  38  3:15  Probe  
  38  3:16  Probe  
  40  3:21  Sentry  
  42  3:31  Observer, Probe  
  44  3:37  Probe  
  44  3:38  Pylon  
  45  3:43  Assimilator x2, Probe  
  46  3:53  Probe  
  46  3:56  Observer  
  46  3:58  Pylon, Probe  
  46  4:00  Phoenix  
  49  4:06  Probe  
  49  4:09  Stalker x2  
  53  4:10  Probe  
  53  4:12  Pylon  
  54  4:17  Stalker  
  54  4:18  Probe  
  54  4:22  Probe  
  54  4:23  Robotics Bay  
  58  4:30  Probe  
  59  4:34  Probe  
  60  4:40  Nexus  
  60  4:47  Stalker x2  
  60  4:48  Stalker  
  66  4:53  Immortal  
  66  4:55  Shield Battery  
  70  5:16  Pylon  
  70  5:17  Pylon  
  70  5:23  Colossus  
  76  5:36  Probe  
  76  5:37  Probe  
  76  5:38  Observer  
  78  5:48  Probe  
  78  5:49  Nexus  
  78  5:51  Probe  
  78  5:52  Extended Thermal Lance  
  78  5:55  Twilight Council  
  78  5:57  Pylon, Forge  
  79  5:58  Pylon  
  79  6:05  Probe x2  
  79  6:09  Stalker x3  
  84  6:12  Colossus  
  84  6:17  Probe x2  
  86  6:21  Charge  
  86  6:27  Protoss Ground Weapons Level 1  
  86  6:30  Probe  
  93  6:39  Probe  
  94  6:46  Probe  
  95  6:51  Probe, Templar Archives  
  96  6:54  Pylon, Colossus  
  96  6:58  Probe  
  97  7:02  Pylon  
  97  7:04  Probe  
  104  7:09  Pylon  
  104  7:10  Shield Battery  
  104  7:21  Observer, Gateway  
  104  7:23  Sentry, Gateway  
  104  7:24  Sentry, Gateway  
  108  7:37  Gateway  
  108  7:39  Gateway  
  108  7:40  Zealot  
  110  7:45  Pylon  
  110  7:46  Shield Battery  
  110  7:47  High Templar  
  110  7:48  High Templar  
  114  7:53  Blink, Archon  
  114  7:56  Pylon  
  114  7:57  Photon Cannon  
  114  7:59  Pylon, Observer  
  114  8:12  Probe  
  115  8:13  Probe x2  
  115  8:14  Assimilator  
  115  8:16  Assimilator, Protoss Ground Armor Level 1  
  117  8:21  Forge  
  117  8:24  Probe  
  117  8:25  Probe  
  119  8:27  Probe  
  119  8:30  Stalker x2  
  124  8:37  Photon Cannon  
  124  8:38  Immortal  
  128  8:50  Zealot x2  
  132  8:55  Pylon  
  132  8:57  High Templar x2  
  132  8:58  Zealot x4  
  143  9:04  Protoss Ground Weapons Level 2, Archon  
  143  9:08  Pylon  
  143  9:15  Pylon  
  143  9:18  Observer  
  143  9:19  Stalker  
  143  9:20  Stalker x2  
  143  9:23  Pylon  
  150  9:30  Zealot x5  
  159  9:33  Psionic Storm  
  159  9:35  Pylon  
  159  9:36  Pylon  
  159  9:38  Pylon x2  
  159  9:45  High Templar x2  
  163  9:54  Photon Cannon  
  163  9:57  Shield Battery  
  163  9:58  High Templar  
  165  10:00  High Templar  
  165  10:14  Stalker x3  
  165  10:15  Zealot  
  165  10:19  Nexus  
  165  10:20  Pylon  
  157  10:32  Stalker x3, Zealot  
  156  10:36  Colossus  
  148  10:44  Probe  
  145  10:56  Pylon  
  145  10:57  High Templar x2, Zealot x3  
  155  11:04  Archon  
  122  11:14  Colossus  
  100  11:20  Zealot x3  
  100  11:31  Sentry  
  100  11:32  Zealot  
  108  11:33  Assimilator  
  108  11:35  Assimilator  
  108  11:38  Zealot x2  
  111  11:45  High Templar  
  113  11:51  High Templar  
  113  11:52  Zealot x2  
  119  12:02  Stalker x3  
  83  12:16  Stalker x3  
  83  12:20  Stalker  
Show
View Real Time Build Order
Export as new Build Order

IIIIIIIIIIII Terran - Winner!

Build Orders: Liberator Opening, Reaper Expand 

Get SALT Encoding   

  12  0:01  SCV  
  13  0:13  SCV  
  14  0:17  Supply Depot  
  14  0:25  SCV  
  15  0:39  SCV  
  15  0:40  Barracks  
  16  0:44  Refinery  
  16  0:51  SCV  
  17  1:03  SCV  
  18  1:15  SCV  
  19  1:27  Orbital Command  
  19  1:28  Reaper  
  20  1:42  Command Center  
  20  1:51  Supply Depot  
  20  1:53  SCV  
  21  2:00  Barracks Reactor  
  21  2:05  SCV  
  22  2:08  Bunker  
  22  2:11  Refinery  
  22  2:18  SCV  
  23  2:23  Factory  
  23  2:30  SCV  
  24  2:37  Marine x2  
  24  2:42  SCV  
  27  2:54  SCV, Orbital Command  
  27  2:55  Marine x2  
  30  3:06  SCV  
  30  3:08  Starport, Factory Tech Lab  
  31  3:13  Marine x2  
  31  3:18  SCV  
  34  3:20  SCV  
  35  3:28  Liberator  
  35  3:30  Siege Tank  
  35  3:31  SCV  
  35  3:32  SCV  
  40  3:35  Supply Depot  
  40  3:37  Marine x2  
  41  3:43  SCV  
  41  3:44  SCV  
  46  3:50  Supply Depot  
  46  3:57  SCV x2, Marine x2  
  50  4:06  Siege Tank  
  50  4:09  SCV  
  54  4:12  SCV  
  54  4:15  Marine x2, Supply Depot  
  57  4:21  SCV  
  57  4:23  Barracks  
  58  4:24  SCV  
  59  4:33  SCV, Marine x2  
  59  4:37  SCV  
  63  4:39  Supply Depot  
  63  4:40  Barracks  
  63  4:43  Starport Tech Lab  
  63  4:48  Siege Tank  
  63  4:49  SCV  
  63  4:51  SCV  
  68  4:53  Refinery  
  68  4:57  Engineering Bay  
  67  5:01  SCV  
  67  5:03  SCV  
  67  5:04  Marine x2  
  69  5:13  SCV  
  70  5:15  SCV  
  70  5:21  Stimpack, Marauder  
  73  5:22  Marine x2  
  73  5:26  Supply Depot x2  
  75  5:32  SCV x2  
  72  5:40  Marine x2  
  72  5:42  Marauder  
  75  5:44  SCV x2  
  76  5:52  Starport Reactor, Factory Reactor, Marauder, Combat Shield  
  76  5:55  Supply Depot, Refinery  
  76  5:56  Terran Infantry Armor Level 1  
  78  5:59  Marine x2  
  78  6:04  Supply Depot, Marauder  
  82  6:14  Marauder  
  82  6:16  Marine  
  82  6:17  Marine  
  86  6:19  Command Center  
  86  6:26  Marauder  
  88  6:33  Medivac  
  88  6:34  Medivac, Barracks  
  88  6:35  Marauder, Barracks  
  94  6:44  Widow Mine x2  
  94  6:46  SCV, Supply Depot  
  94  6:47  SCV  
  100  6:52  Marauder  
  102  6:56  Marauder  
  102  6:57  Marine  
  102  6:58  Marine  
  102  7:00  SCV x2  
  108  7:07  Medivac x2  
  116  7:13  Supply Depot x2, Marauder  
  114  7:15  SCV  
  114  7:16  SCV  
  114  7:18  Starport  
  114  7:22  Marauder  
  118  7:25  Barracks Reactor  
  118  7:26  Barracks Tech Lab  
  118  7:29  Marine  
  118  7:30  Marine  
  118  7:34  Marauder  
  118  7:36  SCV x2  
  127  7:44  Marauder x2  
  127  7:45  Medivac  
  127  7:46  Medivac, Orbital Command  
  127  7:48  SCV x2  
  132  7:55  Refinery  
  132  7:56  Refinery  
  132  7:57  Terran Infantry Weapons Level 1  
  132  8:00  SCV x2  
  134  8:09  Viking x2  
  134  8:12  SCV x2  
  141  8:21  Viking x2  
  147  8:30  Marauder x2  
  147  8:31  Marine x2, Supply Depot  
  147  8:32  Marine x2, Supply Depot, Marauder  
  154  8:36  Ghost Academy  
  152  8:51  Viking x2  
  152  8:52  Viking x2  
  152  8:53  Supply Depot  
  160  9:05  Ghost  
  160  9:06  Ghost  
  160  9:07  Ghost, Supply Depot x2  
  160  9:09  Marine  
  167  9:12  Marine  
  168  9:18  Marine x2  
  170  9:29  Viking x3, Concussive Shells  
  170  9:31  Viking  
  175  9:32  Marine x2  
  177  9:44  Marine x2, Marauder x3  
  185  9:50  Marine x2  
  187  9:55  Liberator  
  187  9:56  Liberator  
  187  9:58  Supply Depot  
  187  10:02  Liberator  
  187  10:06  Marauder  
  189  10:11  Liberator, Marauder x2  
  200  10:27  Marauder  
  193  10:38  Liberator x2  
  193  10:39  Marauder  
  193  10:40  Marine x2  
  189  10:48  Marauder x2  
  189  10:49  Marine  
  190  10:54  Command Center  
  190  10:55  Armory  
  190  10:56  Marine, Engineering Bay  
  197  10:58  Marine, Liberator x2  
  197  11:01  Marauder  
  192  11:11  Marauder  
  158  11:14  Marauder  
  154  11:21  Liberator  
  154  11:22  Marauder  
  153  11:35  Barracks x3  
  153  11:39  Marauder  
  160  11:40  Marine x4, Marauder  
  160  11:44  Marauder  
  166  11:58  Marine x2  
  166  12:00  Marine x2  
Tags
 
Add a new tag
Caveats
  • Supply blocks, unpowered buildings, or Contaminate may cause inaccurate times.
  • Supply counts are checked every 10 seconds.